[Event "Late-Titled-Tuesday-Blitz-April-30-2024"]
[Site "Chess.com"]
[Date "2024.04.30"]
[Round "5"]
[White "h4parah5"]
[Black "Semyon_Khanin"]
[Result "0-1"]
[WhiteElo "3020"]
[BlackElo "2889"]
[TimeControl "180+1"]
[EndTime "14:55:52 PDT"]
[Termination "Semyon_Khanin won by resignation"]

1. Nf3 Nf6 2. c4 e6 3. b3 b6 4. g3 Bb7 5. Bg2 g6 6. Bb2 Bg7 7. O-O O-O 8. e3 c5 9. Nc3 d5 10. cxd5 Nxd5 11. Qc1 Nb4 12. d4 Nd3 13. Qc2 Nxb2 14.
Qxb2 cxd4 15. Nxd4 Bxg2 16. Kxg2 Bxd4 17. exd4 Qxd4 18.
Rfd1 Qe5 19. f4 Qf6 20. Qd2 Nc6 21. Ne4 Qg7 22. Rac1 Rfd8 23. Qe3 Nd4 24. Ng5 Nf5 25. Qf2 h6 26. Ne4 Rd5 27. Rxd5 exd5 28. Nd2 Re8 29. Nf3 Ne3+ 30. Kg1 Ng4 31. Qd2 Qf6 32.
h3 Re3 33. Rf1 Qe6 34. hxg4 Re2 35. Qd3 Rxa2 36. f5 Qd6 37. Nd4 g5 38. f6 Qe5 39.
Nf5 Qb2 0-1

[Event "Late-Titled-Tuesday-Blitz-April-30-2024"]
[Site "Chess.com"]
[Date "2024.04.30"]
[Round "5"]
[White "SergioMoralesG"]
[Black "Yerkinio"]
[Result "0-1"]
[WhiteElo "2464"]
[BlackElo "2661"]
[TimeControl "180+1"]
[EndTime "14:55:52 PDT"]
[Termination "Yerkinio won by resignation"]

1. d4 Nf6 2. c4 e6 3. Nf3 b6 4.
g3 Ba6 5. b3 Bb4+ 6. Bd2 Be7 7.
Nc3 d5 8. Bg2 c6 9. Ne5 O-O 10.
O-O Nfd7 11. Nxd7 Nxd7 12. cxd5 cxd5 13. Qc1 Rc8 14. Qb2 Bb4 15. Rfc1 Qe7 16. a3 Bd6 17. e4 dxe4 18. Nxe4 Rxc1+ 19. Rxc1 Bxa3 20. Qa2 Bxc1 21. Bxc1 Bb7 22. Ba3 Qd8 23. Bxf8 Nxf8 24. Qa3 Bxe4 25. Bxe4 Qxd4 26. Bg2 a5 27. h4 Qb4 28. Qb2 a4 29. Bf3 Qxb3 0-1

[Event "Late-Titled-Tuesday-Blitz-April-30-2024"]
[Site "Chess.com"]
[Date "2024.04.30"]
[Round "5"]
[White "AlainBruxelles"]
[Black "Bala-Afiada"]
[Result "1-0"]
[WhiteElo "2240"]
[BlackElo "1998"]
[TimeControl "180+1"]
[EndTime "14:55:52 PDT"]
[Termination "AlainBruxelles won on time"]

1. e4 c5 2. Nf3 Nc6 3. Nc3 d6 4. d4 cxd4 5. Nxd4 Nf6 6. Bg5 e6 7. Qd2 Be7 8. O-O-O Nxd4 9. Qxd4 O-O 10. Kb1 Qa5 11.
f4 Bd7 12. Bxf6 Bxf6 13. Qxd6 Bxc3 14. bxc3 Rfd8 15. Qb4 Qc7 16. g3 a5 17. Qc4 Qxc4 18. Bxc4 Rac8 19. Be2 Rxc3 20. Rd6 Kf8 21. Rhd1 Ke7 22.
Bb5 Rc7 23. e5 f6 24. Kb2 fxe5 25. fxe5 b6 26. c4 h6 27. a4 g5 28. g4 Ra7 29.
Rxb6 Bxb5 30. Rxd8 Kxd8 31. axb5 Kd7 32. Rd6+ Ke7 33.
c5 Rb7 34. b6 1-0

[Event "Late-Titled-Tuesday-Blitz-April-30-2024"]
[Site "Chess.com"]
[Date "2024.04.30"]
[Round "5"]
[White "OIAM03"]
[Black "e4evr"]
[Result "0-1"]
[WhiteElo "1940"]
[BlackElo "2215"]
[TimeControl "180+1"]
[EndTime "14:55:52 PDT"]
[Termination "e4evr won by resignation"]

1. h3 e5 2. e4 Bc5 3. Nf3 d6 4. c3 Nc6 5. d4 exd4 6. cxd4 Bb4+ 7. Nc3 Nf6 8. Bd3 O-O 9. O-O d5 10. e5 Bxc3 11. bxc3 Ne4 12. Bxe4 dxe4 13. Ng5 Bf5 14.
f3 exf3 15. Qxf3 Bg6 16. Bf4 Qe7 17. Rae1 Rad8 18. d5 Na5 19. e6 Qc5+ 20. Kh1 Rde8 21. exf7+ Bxf7 22. Nxf7 Rxe1 23. Rxe1 Rxf7 24. Re8+ Rf8 25.
Rxf8+ Qxf8 26. Bxc7 Qxf3 27. gxf3 Nc4 28. d6 Ne5 29. f4 Nd7 30. Kg2 Kf7 31. Kf3 Ke6 32. Ke4 Nf6+ 33. Kd4 Ne8 34. f5+ Kxf5 35. d7 Nxc7 36.
d8=Q Ne6+ 37. Kd5 Nxd8 0-1

[Event "Late-Titled-Tuesday-Blitz-April-30-2024"]
[Site "Chess.com"]
[Date "2024.04.30"]
[Round "5"]
[White "PoAslan"]
[Black "Alexei_Gubajdullin"]
[Result "0-1"]
[WhiteElo "2384"]
[BlackElo "2565"]
[TimeControl "180+1"]
[EndTime "14:55:53 PDT"]
[Termination "Alexei_Gubajdullin won by resignation"]

1. e4 Nf6 2. e5 Nd5 3. c4 Nb6 4. d4 d6 5. f4 g6 6. Be3 Bg7 7. Nc3 O-O 8. h4 h5 9. Be2 Nc6 10. d5 Na5 11. Bxb6 cxb6 12. Nf3 Qc7 13. Rc1 Bg4 14.
b4 Bxf3 15. gxf3 dxe5 16. Nb5 Qb8 17. f5 e4 18. d6 exf3 19. Bxf3 exd6 20. Bd5 Re8+ 21.
Kf2 Kh8 22. Bxf7 d5 23. Bxe8 Qf4+ 24. Qf3 Qd2+ 25. Qe2 Qf4+ 26. Kg2 Be5 27. Rh3 Rxe8 28. Rf1 Qxc4 29. Qxc4 Nxc4 30. fxg6 Kg7 31. Rhf3 a6 32. Na3 Nd2 33. Rf7+ Kxg6 34. R1f5 Ne4 35. Nc2 Bf6 36. R7xf6+ Nxf6 37. Rg5+ Kf7 38. Nd4 Re4 39. a3 Rxd4 0-1

[Event "Late-Titled-Tuesday-Blitz-April-30-2024"]
[Site "Chess.com"]
[Date "2024.04.30"]
[Round "5"]
[White "MNyuyu"]
[Black "kleber2007"]
[Result "1-0"]
[WhiteElo "2382"]
[BlackElo "2508"]
[TimeControl "180+1"]
[EndTime "14:55:54 PDT"]
[Termination "MNyuyu won by resignation"]

1. c4 e6 2. d4 d5 3. Nc3 Be7 4. cxd5 exd5 5. Bf4 c6 6. e3 Bf5 7. Bd3 Bxd3 8. Qxd3 Nd7 9. Nf3 Ngf6 10. O-O O-O 11.
h3 Re8 12. a3 a5 13. Rab1 a4 14. Qc2 Qa5 15. Ne5 Nxe5 16. Bxe5 Nd7 17. Bg3 Qa6 18. Rfc1 Nb6 19. Re1 Nc4 20. f3 Bg5 21. f4 Bf6 22.
Bf2 Nd6 23. g4 Ne4 24. Nxe4 Rxe4 25. b4 axb3 26. Rxb3 Be7 27. Reb1 b5 28. Rc3 Re6 29. f5 Rh6 30. Kg2 Bxa3 31. g5 Rh5 32. h4 Rc8 33.
Qa2 b4 34. Rxb4 Ra8 35. Rxa3 1-0

[Event "Late-Titled-Tuesday-Blitz-April-30-2024"]
[Site "Chess.com"]
[Date "2024.04.30"]
[Round "5"]
[White "anasta10"]
[Black "Mischuk_D"]
[Result "0-1"]
[WhiteElo "2607"]
[BlackElo "2806"]
[TimeControl "180+1"]
[EndTime "14:55:57 PDT"]
[Termination "Mischuk_D won by resignation"]

1. Nf3 d5 2. d4 c6 3. c4 e6 4.
Nbd2 f5 5. g3 Nf6 6. Bg2 Bd6 7.
O-O O-O 8. b3 b6 9. a4 Qe7 10.
a5 Na6 11. Bb2 Bb7 12. e3 Nb4 13. Ne5 Rfd8 14. Qe2 Ne4 15. f3 Nxd2 16. Qxd2 Bxe5 17. dxe5 dxc4 18. Qc3 cxb3 19. Rfd1 c5 20. Qxb3 b5 21. Ba3 a6 22. Bxb4 cxb4 23. Rab1 Kf7 24. Rd4 Rxd4 25. exd4 Rc8 26. Qxb4 Qxb4 27. Rxb4 Rc1+ 28. Kf2 Rc2+ 29. Kf1 Bd5 30. Rb1 Ke7 31. h4 Kd7 32.
h5 Ra2 33. g4 fxg4 34. Rc1 gxf3 35. Bh3 Rh2 0-1

[Event "Late-Titled-Tuesday-Blitz-April-30-2024"]
[Site "Chess.com"]
[Date "2024.04.30"]
[Round "5"]
[White "erugee"]
[Black "Payyappat"]
[Result "1/2-1/2"]
[WhiteElo "2301"]
[BlackElo "2485"]
[TimeControl "180+1"]
[EndTime "14:55:57 PDT"]
[Termination "Game drawn by repetition"]

1. e4 c6 2. d3 d5 3. Nd2 e5 4. Ngf3 Bd6 5. g3 Bg4 6. Bg2 Nf6 7. h3 Bxf3 8. Qxf3 O-O 9. O-O Na6 10. a3 Nc7 11. c4 Ne6 12. exd5 Nd4 13. Qd1 cxd5 14.
cxd5 Rc8 15. Nc4 b5 16. Ne3 Re8 17. b4 a5 18. Bd2 a4 19. Rc1 Rxc1 20. Bxc1 Qb6 21.
Bb2 Rc8 22. Bxd4 exd4 23. Nf5 g6 24. Nh6+ Kg7 25. Qf3 Rc3 26. Ra1 Be5 27. Ng4 Nxg4 28. hxg4 Qf6 29. Qe4 Rc2 30. f4 Bd6 31. g5 Qf5 32.
Qxd4+ Kg8 33. Re1 Qg4 34. Re8+ Bf8 35. d6 Rc1+ 36. Kf2 Rc2+ 37. Kg1 Rc1+ 38. Kf2 Rc2+ 39.
Kg1 1/2-1/2

[Event "Late-Titled-Tuesday-Blitz-April-30-2024"]
[Site "Chess.com"]
[Date "2024.04.30"]
[Round "5"]
[White "Adar_07"]
[Black "Msb2"]
[Result "0-1"]
[WhiteElo "2712"]
[BlackElo "3033"]
[TimeControl "180+1"]
[EndTime "14:55:59 PDT"]
[Termination "Msb2 won on time"]

1. e4 e6 2. d4 d5 3. exd5 exd5 4. Nf3 Nc6 5. c3 Bd6 6. Bd3 Nge7 7. O-O Bg4 8. Re1 Qd7 9. Nbd2 f6 10. Nf1 O-O-O 11.
b4 Ng6 12. Ne3 Be6 13. b5 Nce7 14. c4 Bb4 15. Bd2 Bxd2 16. Qxd2 dxc4 17. Nxc4 Bd5 18.
Qa5 Bxf3 19. Bxg6 Nxg6 20. Qxa7 Qxd4 21. b6 Bd5 22. Rad1 Qxc4 23. Rc1 Rhe8 24. Rf1 Ne5 25. Rxc4 Nxc4 26. bxc7 Kxc7 27. Rc1 Re6 0-1

[Event "Late-Titled-Tuesday-Blitz-April-30-2024"]
[Site "Chess.com"]
[Date "2024.04.30"]
[Round "5"]
[White "DeTimmerman"]
[Black "AlexSuv"]
[Result "1-0"]
[WhiteElo "2788"]
[BlackElo "2575"]
[TimeControl "180+1"]
[EndTime "14:56:02 PDT"]
[Termination "DeTimmerman won by resignation"]

1. e4 d6 2. d4 Nf6 3. Nc3 Nbd7 4.
f4 e5 5. Nf3 exd4 6. Qxd4 c6 7.
Be3 d5 8. exd5 Bc5 9. Qd3 O-O 10. O-O-O Re8 11. Bd4 cxd5 12. Kb1 b6 13. Ne5 Bb7 14. g3 Rc8 15. Bg2 a6 16. Rhe1 b5 17. Bh3 b4 18.
Na4 Bxd4 19. Qxd4 Rc7 20. Nxd7 Nxd7 21. Rxe8+ Qxe8 22. Nb6 Nf6 23. Qxb4 h5 24. a4 Qe2 25. Rd2 Qe1+ 26. Ka2 Ne4 27. Rd4 Qxb4 28. Rxb4 Rxc2 29. Nd7 Bc6 30. Ne5 f6 31. Be6+ Kh7 32. Nxc6 Rxc6 33. Bxd5 1-0

[Event "Late-Titled-Tuesday-Blitz-April-30-2024"]
[Site "Chess.com"]
[Date "2024.04.30"]
[Round "5"]
[White "balack95"]
[Black "MuhittinBuker"]
[Result "1-0"]
[WhiteElo "2504"]
[BlackElo "2160"]
[TimeControl "180+1"]
[EndTime "14:56:02 PDT"]
[Termination "balack95 won on time"]

1. Nf3 Nf6 2. b3 g6 3. Bb2 Bg7 4. g3 O-O 5. Bg2 d5 6. O-O c5 7. d4 Nc6 8. dxc5 Ne4 9. Bxg7 Kxg7 10. b4 e5 11. a3 f5 12. Nfd2 a6 13. c4 Nf6 14. cxd5 Nxd5 15. e4 Nf6 16. Nc3 Nd4 17.
Nb3 f4 18. Nxd4 exd4 19. Nd5 Nxd5 20. exd5 Qf6 21. Qf3 g5 22. Rad1 Bf5 23. gxf4 g4 24. Qg3 Rae8 25. d6 Kh8 26. Bxb7 d3 27. Bxa6 h5 28.
Bxd3 h4 29. Qg2 h3 30. Qg3 Bd7 31. f5 Re5 32. Rfe1 Rfe8 33. Rxe5 Qxe5 34. Qxe5+ Rxe5 35. Ba6 Kg7 36. Bb7 1-0

[Event "Late-Titled-Tuesday-Blitz-April-30-2024"]
[Site "Chess.com"]
[Date "2024.04.30"]
[Round "5"]
[White "maximnovik"]
[Black "WildTricks"]
[Result "0-1"]
[WhiteElo "2501"]
[BlackElo "2696"]
[TimeControl "180+1"]
[EndTime "14:56:03 PDT"]
[Termination "WildTricks won by resignation"]

1. e4 c5 2. Nf3 d6 3. c3 Nf6 4. h3 Nc6 5. Bd3 g5 6. Bc2 g4 7. hxg4 Bxg4 8. d3 d5 9. Qe2 Qc7 10.
Nbd2 O-O-O 11. Nf1 dxe4 12. dxe4 Ne5 13. N1h2 Bh5 14.
Qe3 Nxf3+ 15. Nxf3 Rg8 16. Kf1 Bg6 17. Nh4 Bxe4 18.
Ba4 Rg4 19. f3 Bd3+ 20. Kg1 Rxa4 21. b3 Ra6 22. c4 Re6 23. Qf2 Re2 24. Qf1 Qe5 25.
Ba3 Qd4+ 26. Kh2 Qxh4+ 0-1

[Event "Late-Titled-Tuesday-Blitz-April-30-2024"]
[Site "Chess.com"]
[Date "2024.04.30"]
[Round "5"]
[White "maurovargas01"]
[Black "ChEsper99"]
[Result "0-1"]
[WhiteElo "1954"]
[BlackElo "2235"]
[TimeControl "180+1"]
[EndTime "14:56:04 PDT"]
[Termination "ChEsper99 won by resignation"]

1. e4 d6 2. Nc3 Nf6 3. f4 g6 4. Nf3 Bg7 5. g3 O-O 6. d3 c5 7.
Bg2 Nc6 8. O-O Bg4 9. Qe1 Bxf3 10. Bxf3 Nd4 11. Bd1 b5 12. Ne2 Nd7 13. c3 Nxe2+ 14.
Bxe2 a5 15. Bf3 Rb8 16. g4 b4 17. Bd2 bxc3 18. Bxc3 Bxc3 19. Qxc3 Qb6 20. Kg2 Qxb2+ 21.
Qxb2 Rxb2+ 22. Rf2 Rfb8 23. Bd1 Rxf2+ 24. Kxf2 Rb2+ 25.
Ke3 Rxh2 26. Bb3 Rb2 27. g5 Nb6 28. d4 a4 29. dxc5 dxc5 30. Bd1 e5 31. f5 c4 32. f6 Kf8 33. Bg4 Ke8 34. Rd1 c3 35. Rd6 Nc4+ 36. Kd3 Nxd6 37. Kxc3 Rxa2 38. Bf3 Ra3+ 0-1

[Event "Late-Titled-Tuesday-Blitz-April-30-2024"]
[Site "Chess.com"]
[Date "2024.04.30"]
[Round "5"]
[White "cristiano78"]
[Black "Sergey_70"]
[Result "0-1"]
[WhiteElo "2284"]
[BlackElo "2485"]
[TimeControl "180+1"]
[EndTime "14:56:05 PDT"]
[Termination "Sergey_70 won by resignation"]

1. d4 d6 2. c4 e5 3. dxe5 dxe5 4. Qxd8+ Kxd8 5. Nc3 Be6 6. e4 Nc6 7. Be3 Nf6 8. h3 Bb4 9. f3 Kc8 10. Rc1 a5 11. a3 Be7 12. Nd5 Bd8 13. Ne2 a4 14. Nec3 Nd4 15. Rd1 Nc2+ 16. Kf2 Nxe3 17. Kxe3 c6 18.
Nxf6 Bxf6 19. Bd3 h5 20. Ke2 Be7 21. Rc1 Kc7 22. Nd5+ Kd8 23. Nxe7 Kxe7 24. c5 Ra5 25. Rhd1 h4 26. Bc4 Rxc5 27. Bxe6 Rxc1 28. Rxc1 Kxe6 29.
Rc4 Ra8 30. Kd3 Kd6 31. Kc3 Ra5 32. b4 axb3 33. Kxb3 Rb5+ 34. Kc3 Rc5 35. Kb4 Rxc4+ 36.
Kxc4 b5+ 37. Kb4 f6 38. a4 bxa4 39. Kxa4 Kc5 40. Kb3 Kd4 41. Kb4 c5+ 42. Kb5 c4 0-1

[Event "Late-Titled-Tuesday-Blitz-April-30-2024"]
[Site "Chess.com"]
[Date "2024.04.30"]
[Round "5"]
[White "SpeedofLight0"]
[Black "artin10862"]
[Result "1-0"]
[WhiteElo "3031"]
[BlackElo "2858"]
[TimeControl "180+1"]
[EndTime "14:56:07 PDT"]
[Termination "SpeedofLight0 won on time"]

1. Nf3 d5 2. g3 Bg4 3. Bg2 Nd7 4. c4 e6 5. cxd5 exd5 6. O-O c6 7. d3 Ngf6 8. Nc3 Bc5 9. e4 O-O 10. h3 Bxf3 11.
Bxf3 Ne5 12. Be2 Bd4 13. Qc2 Re8 14. Kg2 Ng6 15. Rd1 Qb6 16. Na4 Qd8 17. Nc5 Qb6 18. Na4 Qd8 19. Rb1 dxe4 20. dxe4 Nxe4 21. Be3 Bxe3 22.
Rxd8 Raxd8 23. Rd1 Nxf2 24. Rxd8 Rxd8 25. Qb3 Re8 26. Bc4 Re7 27. Bxf7+ Rxf7 28. Qxe3 Nd1 29.
Qb3 Nf2 30. Nc5 h5 31. Nxb7 Ne4 32. Qe6 Nf6 33. Nd6 Nh8 34. Nxf7 Nxf7 35. Qxc6 1-0

[Event "Late-Titled-Tuesday-Blitz-April-30-2024"]
[Site "Chess.com"]
[Date "2024.04.30"]
[Round "5"]
[White "merinasian"]
[Black "traack"]
[Result "1-0"]
[WhiteElo "2608"]
[BlackElo "2431"]
[TimeControl "180+1"]
[EndTime "14:56:09 PDT"]
[Termination "merinasian won by resignation"]

1. d4 Nf6 2. Nf3 c5 3. d5 d6 4. Nc3 g6 5. e4 Bg7 6. h3 O-O 7. a4 e6 8. Be2 exd5 9. exd5 Na6 10. O-O Nb4 11. Bg5 Bf5 12. Rc1 h6 13. Bf4 g5 14.
Bh2 Ne4 15. Nxe4 Bxe4 16. c3 Nxd5 17. Nd2 Bg6 18. Nc4 Nf4 19. Bxf4 gxf4 20. Qxd6 Qg5 21. Bf3 Rad8 22. Qc7 Bd3 23. b3 Bxf1 24. Kxf1 Rfe8 25. Qxb7 Rd3 26. Qc6 Red8 27. Re1 Bxc3 28. Re8+ Kg7 29.
Rxd8 Rxd8 30. Kg1 Bd4 31. Nd6 Qh4 32. Nf5+ 1-0

[Event "Late-Titled-Tuesday-Blitz-April-30-2024"]
[Site "Chess.com"]
[Date "2024.04.30"]
[Round "5"]
[White "mjelcic"]
[Black "LuciaMalanRamos"]
[Result "1-0"]
[WhiteElo "2336"]
[BlackElo "2111"]
[TimeControl "180+1"]
[EndTime "14:56:09 PDT"]
[Termination "mjelcic won by checkmate"]

1. d4 d5 2. c4 e6 3. Nc3 Nf6 4. Nf3 c5 5. dxc5 Bxc5 6. e3 O-O 7. a3 Nc6 8. Bd3 d4 9. exd4 Nxd4 10. O-O b6 11. b4 Nxf3+ 12. Qxf3 Bxb4 13. axb4 Bd7 14. Bg5 h6 15. Bxf6 Qxf6 16. Qxf6 gxf6 17. Rfd1 a5 18. bxa5 bxa5 19. Be4 Ra7 20. Nb5 Bxb5 21. cxb5 Rb8 22.
Bc6 a4 23. g3 a3 24. Rd3 a2 25. Rd2 Ra5 26. Rdxa2 Raxb5 27. Bxb5 Rxb5 28. Ra8+ Kg7 29. Kg2 f5 30. R1a3 Rb4 31. R8a4 Rb5 32. h4 Rb7 33. Ra7 Rb8 34. Re7 Rc8 35. Raa7 Rf8 36. Rxe6 h5 37. Re5 Kf6 38. Raa5 Kg6 39. Rxf5 Rh8 40. Rxh5 Rxh5 41. Rxh5 Kxh5 42. f3 f5 43. Kh3 Kg6 44. g4 fxg4+ 45.
fxg4 Kh6 46. Kg3 Kg6 47. Kf4 Kh6 48. h5 Kg7 49. Kf5 Kh7 50. g5 Kg7 51. h6+ Kh7 52. Kf6 Kh8 53. g6 Kg8 54. g7 Kh7 55. Kf7 Kxh6 56.
g8=Q Kh5 57. Qg3 Kh6 58. Qg6# 1-0

[Event "Late-Titled-Tuesday-Blitz-April-30-2024"]
[Site "Chess.com"]
[Date "2024.04.30"]
[Round "5"]
[White "AryanTari"]
[Black "Firouzja2003"]
[Result "0-1"]
[WhiteElo "3008"]
[BlackElo "3158"]
[TimeControl "180+1"]
[EndTime "14:56:10 PDT"]
[Termination "Firouzja2003 won by checkmate"]

1. e4 c5 2. Nf3 d6 3. Bb5+ Nd7 4. O-O a6 5. Bd3 Ngf6 6. Re1 e6 7. Bf1 b6 8. c4 Bb7 9. Nc3 Be7 10. d4 cxd4 11.
Nxd4 O-O 12. f3 Rc8 13. Nc2 Ne5 14. Ne3 Qc7 15. b3 b5 16. Bb2 bxc4 17. Nxc4 Nxc4 18. Bxc4 d5 19. exd5 exd5 20. Bd3 Bd6 21. h3 Bb4 22. Rc1 Qb6+ 23. Kh1 Nh5 24. Na4 Qf2 25. Rxc8 Bxc8 26. Re5 Nf4 27. Rg5 f6 28.
Bd4 Qxa2 29. Rg3 Nh5 30. Rg4 Bxg4 31. hxg4 Nf4 32. Bb1 Qxg2# 0-1

[Event "Late-Titled-Tuesday-Blitz-April-30-2024"]
[Site "Chess.com"]
[Date "2024.04.30"]
[Round "5"]
[White "ALBERT_KLOC"]
[Black "Rutricks"]
[Result "0-1"]
[WhiteElo "2497"]
[BlackElo "2675"]
[TimeControl "180+1"]
[EndTime "14:56:10 PDT"]
[Termination "Rutricks won on time"]

1. c4 g6 2. Nc3 Bg7 3. g3 d6 4.
Bg2 Nf6 5. e4 O-O 6. d3 a6 7.
Nge2 c6 8. a4 a5 9. O-O Na6 10. h3 Qc7 11. Be3 Nb4 12. Qd2 Rd8 13. Rac1 b6 14. f4 Bb7 15. d4 Nd7 16. f5 Rac8 17. h4 Nf6 18. Bh3 Ra8 19. g4 Qb8 20. Bf4 Qa7 21. Kh2 Ba6 22. b3 d5 23. cxd5 cxd5 24.
e5 Ne4 25. Nxe4 dxe4 26. e6 fxe6 27. Rc7 Qb8 28. Rxe7 e5 29. Rxg7+ Kxg7 30. f6+ Kf7 31. Bg3 Nd3 32. Qh6 Qb7 33. Qxh7+ Ke6 34. g5+ Kd5 35. Nc3+ Kxd4 36. Ne2+ Kc5 37. Qxg6 Qd5 38. Qf5 Bc8 39. Qf2+ Nxf2 40. Bxf2+ Kb4 0-1

[Event "Late-Titled-Tuesday-Blitz-April-30-2024"]
[Site "Chess.com"]
[Date "2024.04.30"]
[Round "5"]
[White "jcmesafischer"]
[Black "2L8IWUN"]
[Result "0-1"]
[WhiteElo "2325"]
[BlackElo "2060"]
[TimeControl "180+1"]
[EndTime "14:56:12 PDT"]
[Termination "2L8IWUN won on time"]

1. e4 c5 2. Nc3 Nc6 3. g3 g6 4. Bg2 Bg7 5. Nge2 d6 6. d3 Nd4 7.
Be3 e5 8. h3 h5 9. Qd2 Ne7 10.
Bg5 f6 11. Be3 Be6 12. O-O-O b5 13. f4 b4 14. Nd5 Qa5 15. Kb1 Rb8 16. fxe5 dxe5 17.
Bxd4 cxd4 18. Nc1 Nxd5 19. exd5 Bxd5 20. Bxd5 Qxd5 21. g4 hxg4 22. Qf2 Rxh3 23. Rxh3 gxh3 24. Qg3 Qg2 25. Qxg2 hxg2 26. Rg1 Bh6 27. Ne2 Be3 28. Rxg2 g5 29. Ng3 Kd7 30. Nf5 Bf4 31. b3 Rh8 32. a4 Rh1+ 33. Ka2 Rd1 34. Ng7 Bd2 35. Nf5 Bc3 0-1

[Event "Late-Titled-Tuesday-Blitz-April-30-2024"]
[Site "Chess.com"]
[Date "2024.04.30"]
[Round "5"]
[White "dasatcu90"]
[Black "lupta_robin"]
[Result "0-1"]
[WhiteElo "2233"]
[BlackElo "2600"]
[TimeControl "180+1"]
[EndTime "14:56:13 PDT"]
[Termination "lupta_robin won on time"]

1. d4 Nf6 2. Nf3 c5 3. e3 d5 4. c4 Nc6 5. a3 e6 6. dxc5 Bxc5 7. b4 Be7 8. Bb2 O-O 9. Nbd2 b6 10. cxd5 Nxd5 11. Be2 Bb7 12. O-O Bf6 13. Qb3 a5 14. b5 a4 15. Qc2 Na5 16. Bxf6 Qxf6 17. Rac1 Rac8 18. Qxa4 Nc3 19. Rxc3 Rxc3 20. Ne4 Bxe4 21. Qxe4 Rxa3 22. Ne5 Rd8 23. Bd3 Qf5 24. Qxf5 exf5 25.
Bxf5 Rd5 26. f4 Rxe3 0-1

[Event "Late-Titled-Tuesday-Blitz-April-30-2024"]
[Site "Chess.com"]
[Date "2024.04.30"]
[Round "5"]
[White "masterofpuppets2"]
[Black "Ajedrez_con_German"]
[Result "0-1"]
[WhiteElo "2471"]
[BlackElo "2629"]
[TimeControl "180+1"]
[EndTime "14:56:14 PDT"]
[Termination "Ajedrez_con_German won by resignation"]

1. d4 a6 2. g3 e6 3. Bg2 Nf6 4. Nf3 d5 5. O-O b5 6. Ne5 Nfd7 7. f4 c5 8. c3 Bb7 9. Nd2 cxd4 10. cxd4 Nxe5 11.
fxe5 Be7 12. Nf3 O-O 13. h4 h6 14. Bf4 Nc6 15. Qd2 Kh7 16. Qd3+ Kg8 17. Qd2 Kh7 18. Kh2 Qa5 19. Qd3+ Kg8 20. Qe3 Kh7 21. Qd3+ g6 22. Qe3 h5 23. Bh6 Kg8 24. Bxf8 Bxf8 25. Ng5 Bh6 26. Rxf7 Bxg5 27. Qxg5 Kxf7 28. Rf1+ Ke8 29.
Qxg6+ Kd7 30. Rf7+ Ne7 31. Bh3 Qb6 32. Rf6 Nxg6 0-1

[Event "Late-Titled-Tuesday-Blitz-April-30-2024"]
[Site "Chess.com"]
[Date "2024.04.30"]
[Round "5"]
[White "kemelgallo"]
[Black "BardArtem"]
[Result "0-1"]
[WhiteElo "2603"]
[BlackElo "2793"]
[TimeControl "180+1"]
[EndTime "14:56:15 PDT"]
[Termination "BardArtem won by resignation"]

1. e4 c5 2. Nf3 d6 3. d4 cxd4 4. Nxd4 Nf6 5. Nc3 a6 6. Be2 e5 7.
Nf5 Bxf5 8. exf5 Be7 9. Bg5 O-O 10. O-O Nbd7 11. Bf3 Rb8 12. Qd2 b5 13. Rad1 b4 14. Na4 e4 15. Be2 Qa5 16. b3 Qxf5 17. Bxa6 d5 18. c4 Bd6 19. cxd5 Ne5 20. Bxf6 Qxf6 21. Be2 Qg6 22. f4 exf3 23. Bxf3 Rbc8 24. Rc1 Rxc1 25. Qxc1 Nxf3+ 26. Rxf3 Qh5 27. Rh3 Qxd5 28. Qc2 Qd4+ 29. Kh1 Qa1+ 0-1

[Event "Late-Titled-Tuesday-Blitz-April-30-2024"]
[Site "Chess.com"]
[Date "2024.04.30"]
[Round "5"]
[White "Bryanl106"]
[Black "Real_taiatai"]
[Result "0-1"]
[WhiteElo "2681"]
[BlackElo "2500"]
[TimeControl "180+1"]
[EndTime "14:56:15 PDT"]
[Termination "Real_taiatai won by resignation"]

1. e4 c5 2. Nf3 e6 3. g3 Nc6 4. Bg2 g6 5. O-O Bg7 6. c3 Nge7 7. d4 cxd4 8. cxd4 d5 9. e5 O-O 10. a3 b6 11. Re1 Ba6 12. Nc3 Rc8 13. h4 Na5 14. h5 Bc4 15. h6 Bh8 16. Bg5 Bb3 17.
Qd2 Nc4 18. Qe2 Qd7 19. Nd2 Nxd2 20. Qxd2 Nc6 21. Qf4 Bc2 22. Bf6 Bf5 23. Qg5 Nxd4 24. Bxh8 f6 25. Bxf6 Nc2 26. Rad1 Nxe1 27. Rxe1 Rc4 28.
Ne2 Rfc8 29. Nf4 Kf7 30. g4 Be4 31. f3 Rc1 32. Rxc1 Rxc1+ 33. Kh2 Bb1 34. Nxe6 Rc2 35. Nd8+ Ke8 36. e6 Qd6+ 37. Be5 Qxd8 38. Qe3 Qh4+ 39.
Kg1 d4 40. Bxd4 Qg3 41. Qf2 Rxf2 42. Bxf2 Qe5 43. e7 Qxe7 44. f4 Qe2 45. g5 Be4 0-1

[Event "Late-Titled-Tuesday-Blitz-April-30-2024"]
[Site "Chess.com"]
[Date "2024.04.30"]
[Round "5"]
[White "djano"]
[Black "NajdorfPlayerc5"]
[Result "0-1"]
[WhiteElo "2610"]
[BlackElo "2480"]
[TimeControl "180+1"]
[EndTime "14:56:15 PDT"]
[Termination "NajdorfPlayerc5 won by resignation"]

1. Nf3 Nf6 2. g3 b6 3. Bg2 Bb7 4. O-O e6 5. c4 Be7 6. b3 O-O 7. Bb2 d5 8. d4 Nbd7 9. cxd5 exd5 10.
Nc3 a6 11. e3 Bd6 12. Qc1 Rc8 13.
Rd1 Qe7 14. Nh4 g6 15. Qd2 Ne4 16. Nxe4 dxe4 17. Bh3 f5 18. Rac1 Nf6 19. Rc2 Nd5 20.
Ba1 Qe6 21. Bf1 g5 22. Ng2 f4 23. Bc4 f3 24. Ne1 h5 25. Rdc1 h4 26. Bf1 hxg3 27. hxg3 Kf7 28. Rc6 Bxc6 29. Rxc6 Rh8 30. Nxf3 exf3 31. Qd1 g4 32. Bc4 Qh6 33. Bxd5+ Ke7 34.
Bxf3 gxf3 35. Qxf3 Qh2+ 36. Kf1 Qh1+ 37. Qxh1 Rxh1+ 38.
Ke2 Rxa1 39. Kf3 Rxa2 0-1

[Event "Late-Titled-Tuesday-Blitz-April-30-2024"]
[Site "Chess.com"]
[Date "2024.04.30"]
[Round "5"]
[White "Vincefm"]
[Black "patzer-reloaded"]
[Result "1-0"]
[WhiteElo "2403"]
[BlackElo "2546"]
[TimeControl "180+1"]
[EndTime "14:56:15 PDT"]
[Termination "Vincefm won by resignation"]

1. e4 d6 2. d4 Nf6 3. Nc3 g6 4. f3 Bg7 5. Be3 O-O 6. Qd2 e5 7. Nge2 Nc6 8. O-O-O exd4 9. Nxd4 Nxd4 10. Bxd4 Be6 11. g4 a6 12. h4 c5 13. Be3 Qa5 14. h5 Bxa2 15. Bh6 Be6 16. Bxg7 Qa1+ 17. Nb1 Kxg7 18. Qc3 h6 19. g5 hxg5 20. h6+ Kh7 21. Qxf6 Rg8 22. Bh3 Raf8 23. Bxe6 fxe6 24. Qe7+ Kh8 25.
h7 1-0

[Event "Late-Titled-Tuesday-Blitz-April-30-2024"]
[Site "Chess.com"]
[Date "2024.04.30"]
[Round "5"]
[White "bascheyaro"]
[Black "AldokhinIvan"]
[Result "1-0"]
[WhiteElo "2850"]
[BlackElo "2658"]
[TimeControl "180+1"]
[EndTime "14:56:18 PDT"]
[Termination "bascheyaro won on time"]

1. d4 Nf6 2. c4 g6 3. Nf3 Bg7 4. Nc3 O-O 5. Bf4 d6 6. e3 c5 7. Be2 cxd4 8. exd4 Nbd7 9. O-O Re8 10. Re1 e5 11.
dxe5 dxe5 12. Nxe5 Qb6 13. Nxd7 Bxd7 14. Qb3 Qd4 15.
Bg3 Bc6 16. Rad1 Qc5 17. Nd5 Ne4 18. Bf3 Bxd5 19. cxd5 Nxg3 20. hxg3 Bd4 21. Rf1 Re7 22. Rd2 Rae8 23. Qd1 Be5 24. d6 Re6 25. d7 Rd8 26. Rc2 Qb6 27. Rc8 Re7 28. Bxb7 Rxd7 29. Qxd7 1-0

[Event "Late-Titled-Tuesday-Blitz-April-30-2024"]
[Site "Chess.com"]
[Date "2024.04.30"]
[Round "5"]
[White "CrushingKings"]
[Black "aranibos"]
[Result "0-1"]
[WhiteElo "2604"]
[BlackElo "2326"]
[TimeControl "180+1"]
[EndTime "14:56:18 PDT"]
[Termination "aranibos won by resignation"]

1. Nf3 Nf6 2. g3 b6 3. Bg2 Bb7 4. O-O e6 5. d4 Be7 6. c4 d5 7. Ne5 O-O 8. Nc3 Nbd7 9. b3 c5 10. Nxd7 Qxd7 11. cxd5 Nxd5 12. Nxd5 exd5 13. dxc5 bxc5 14.
Ba3 d4 15. Bxb7 Qxb7 16. Qc2 Rac8 17. Qc4 Rfd8 18. Rfe1 Qb6 19. e3 dxe3 20. Rxe3 Bf6 21. Rae1 Bd4 22. Re7 Qf6 23. Qe2 h6 24. Rf1 Kf8 25.
Rxa7 Re8 26. Qc2 Re5 27. Bb2 Rce8 28. Qh7 g6 29. Qxh6+ Kg8 30. Bxd4 cxd4 31. Rd7 Re1 32. Qd2 Rxf1+ 33. Kxf1 Qc6 0-1